 Dungeon Crawl Stone Soup version 0.28-a0-1382-g92835e5c71 (webtiles) character file.

Game seed: 14766424639056387600

516 eustach the Slasher (level 7, -6/54 HPs)
             Began as a Demonspawn Chaos Knight on Jan 1, 2022.
             Was a Plaything of Xom.
             Mangled by a centaur (9 damage)
             ... on level 5 of the Dungeon.
             The game lasted 00:19:30 (4442 turns).

eustach the Slasher (Demonspawn Chaos Knight)       Turns: 4442, Time: 00:19:30

Health: -6/54      AC:  9    Str: 15    XL:     7   Next: 0%
Magic:  7/7        EV: 12    Int: 13    God:    Xom [.....*]
Gold:   280        SH:  0    Dex: 12    Spells: 5/6 levels left

rFire   . . .      SeeInvis .   a - +1 falchion (chaos)
rCold   . . .      Faith    .   (no shield)
rNeg    . . .      Spirit   .   b - +2 leather armour
rPois   .          Reflect  .   (no helmet)
rElec   .          Harm     .   i - +0 cloak
rCorr   .          Rampage  .   h - +2 pair of gloves
Will    .....                   (no boots)
Stlth   ++........              (no amulet)
HPRegen 0.18/turn               (no ring)
MPRegen 0.20/turn               (no ring)

@: no status effects
A: claws 2, magic regeneration, demonic magic 1
a: Renounce Religion


You were on level 5 of the Dungeon.
You worshipped Xom.
You were Xom's teddy bear.
You visited 1 branch of the dungeon, and saw 5 of its levels.

You collected 280 gold pieces.

Inventory:

Hand Weapons
 a - a +1 falchion of chaos (weapon)
 p - a +0 hunting sling
Missiles
 d - 139 stones (quivered)
 q - a throwing net
 u - 16 sling bullets
Armour
 b - a +2 leather armour (worn)
 h - a +2 pair of gloves (worn)
 i - a +0 cloak (worn)
 l - a scarf of resistance
Magical Staves
 m - a staff of poison
Jewellery
 n - an amulet of magic regeneration
Wands
 j - a wand of polymorph (9)
 s - a wand of acid (10)
 t - a wand of charming (12)
Scrolls
 c - 3 scrolls of immolation
 k - 2 scrolls of teleportation
 o - a scroll of vulnerability {unknown}
 v - 3 scrolls of fear {unknown}
 x - a scroll of torment {unknown}
Potions
 e - a potion of ambrosia
 f - a potion of lignification
 r - a potion of brilliance {unknown}
 w - a potion of might {unknown}


   Skills:
 + Level 4.2 Fighting
 + Level 4.6 Long Blades
 + Level 1.5(2.0) Slings
 + Level 1.9(2.2) Throwing
 + Level 2.6 Armour
 + Level 2.1 Dodging
 + Level 1.9 Stealth
 + Level 0.5 Evocations


You had 5 spell levels left.
You knew the following spells:

 Your Spells              Type           Power      Damage    Failure   Level
a - Sandblast             Erth           0%         2d4       36%         1

Your spell library contained the following spells:

 Spells                   Type           Power      Damage    Failure   Level
 Passwall                 Tmut/Erth      0%         N/A       50%         2
 Stone Arrow              Conj/Erth      0%         3d7       75%         3
 Swiftness                Air            0%         N/A       75%         3


Dungeon Overview and Level Annotations

Branches:
Dungeon (5/15)
 Temple: D:4-7

Altars:

Shops:
D:2 :   D:5 (


Innate Abilities, Weirdness & Mutations

You have very sharp fingernails.
You regenerate magic rapidly.
Spells you cast may paralyse adjacent enemies.


Message History

The centaur hits you.
* * * LOW HITPOINT WARNING * * *
The centaur kicks you but does no damage.
You hit the centaur.
The centaur goes berserk!
The centaur is severely wounded.
The centaur hits you but does no damage.
The centaur barely misses you. x2; The centaur closely misses you.
The centaur hits you!
* * * LOW HITPOINT WARNING * * *
The centaur closely misses you.
Okay, then.
Okay, then.
You feel better. The centaur hits you.
* * * LOW HITPOINT WARNING * * *
The centaur kicks you.
* * * LOW HITPOINT WARNING * * *
The centaur closely misses you. The centaur barely misses you.
You feel better. The centaur misses you.
The centaur kicks you but does no damage.
The centaur barely misses you.
The centaur kicks you but does no damage.
Okay, then.
Okay, then.
Okay, then.
You slash the centaur! You burn the centaur.
The centaur is almost dead.
The centaur hits you.
* * * LOW HITPOINT WARNING * * *
The centaur kicks you but does no damage.
The centaur closely misses you. x2
You hit the centaur. You freeze the centaur.
The centaur is almost dead.
The centaur hits you.
* * * LOW HITPOINT WARNING * * *
The centaur kicks you but does no damage.
The centaur hits you.
* * * LOW HITPOINT WARNING * * *
The centaur kicks you but does no damage.
The centaur hits you!
You die...

##.##.#.......###.........#
#...#..........# #......###
...............# .....####
.......####....####.. ....#
#......####.....#.#.. ....#
........##.................
........##..............##.
.........c......#.......#..
.....(..##@....##..........
..##...####.#...#.........)
#.... ####.##..........
..c... #..##..........
....[.# ###..#..........
.....# #.......##..####
.$... #...###......# #
....... ####.### # ##.....#
##....###


You could see a centaur (berserk).

Vanquished Creatures
  2 phantoms (D:4)
  A scorpion (D:5)
  2 water moccasin zombies (D:5)
  A scorpion zombie (D:5)
  2 hound skeletons (D:4)
  2 gnolls (D:5)
  4 adders
  An ufetubus (D:5)
  2 adder skeletons (D:4)
  A worm (D:3)
  4 dart slugs
  An orc (D:3)
  6 endoplasms
  2 goblins
  8 hobgoblins
  4 quokkas
  5 ball pythons
  8 bats
  3 frilled lizards
  8 kobolds
  4 rats
71 creatures vanquished.

Vanquished Creatures (collateral kills)
  A gnoll (D:5)
1 creature vanquished.

Vanquished Creatures (others)
  A hound (D:5)
1 creature vanquished.

Grand Total: 73 creatures vanquished

Notes
Turn   | Place    | Note
-------+----------+-------------------------------------------
     0 | D:1      | eustach the Demonspawn Chaos Knight began the quest for the
                  | Orb.
     0 | D:1      | Reached XP level 1. HP: 18/18 MP: 1/1
   207 | D:1      | Gained mutation: You have sharp fingernails. [demonic
                  | ancestry]
   207 | D:1      | Reached XP level 2. HP: 22/24 MP: 2/2
   530 | D:1      | Found a faded altar of an unknown god.
   674 | D:1      | XOM: noise
   824 | D:1      | XOM: divination: magic mapping
   830 | D:1      | XOM: cloud trail
   886 | D:2      | XOM: 3-stop teleportation journey
   896 | D:2      | Reached skill level 1 in Dodging
   926 | D:2      | XOM: blink monster(s)
   950 | D:2      | Reached XP level 3. HP: 28/29 MP: 3/3
  1080 | D:2      | XOM: 3-stop teleportation journey
  1150 | D:2      | XOM: 4-stop teleportation journey
  1277 | D:2      | XOM: 1-stop teleportation journey
  1778 | D:2      | Found Bihun's Book Shoppe.
  1966 | D:2      | Reached skill level 1 in Stealth
  2142 | D:3      | Gained mutation: You have very sharp fingernails. [demonic
                  | ancestry]
  2142 | D:3      | Reached XP level 4. HP: 36/36 MP: 4/4
  2607 | D:3      | XOM: stat loss: -1 Dex (11/12)
  2867 | D:4      | Reached skill level 1 in Throwing
  2926 | D:4      | XOM: summons 3 hostile demons
  3100 | D:4      | Noticed a phantom
  3115 | D:4      | Killed a phantom
  3116 | D:4      | Gained mutation: You regenerate magic rapidly. [demonic
                  | ancestry]
  3116 | D:4      | Reached XP level 5. HP: 42/42 MP: 5/5
  3375 | D:4      | XOM: scenery: 1 doors close
  3502 | D:4      | XOM: scenery: 1 doors open, 1 doors close
  3557 | D:5      | Entered Level 5 of the Dungeon
  3557 | D:5      | Noticed a phantom
  3557 | D:5      | Found Jesiti's Antique Weapon Boutique.
  3581 | D:4      | Killed a phantom
  3582 | D:4      | Gained mutation: Spells you cast may paralyse adjacent
                  | enemies. [demonic ancestry]
  3582 | D:4      | Reached XP level 6. HP: 12/48 MP: 6/6
  3811 | D:4      | XOM: 11-stop teleportation journey
  3885 | D:5      | XOM: divine lightning
  3912 | D:5      | Reached skill level 1 in Slings
  4094 | D:5      | Learned a level 1 spell: Sandblast
  4265 | D:5      | Reached XP level 7. HP: 46/54 MP: 5/7
  4308 | D:5      | XOM: 4-stop teleportation journey
  4442 | D:5      | Mangled by a centaur

Illustrated notes

Levels and vault maps discovered:
D:1:      dpeg_arrival_houses_and_road, layout_basic, basic_ecumenical_altar
D:2:      layout_basic, serial_shops, shop
D:3:      kennysheep_big_flooded_room, layout_basic
D:4:      layout_basic
D:5:      layout_cave_pools, serial_shops, nicolae_stop_n_shop_2

Skill      XL: |  1  2  3  4  5  6 |
---------------+-------------------+-----
Long Blades    | 3 4 |  4.6
Armour         | 2 |  2.6
Dodging        | 1 2 |  2.1
Stealth        | 1 |  1.9
Throwing       | 1 |  1.9
Fighting       | 4 |  4.2
Slings         | 1 |  1.5
Evocations     | |  0.5

Action                   |  1- 3 |  4- 6 |  7- 9 || total
-------------------------+-------+-------+-------++-------
Melee: Falchion          |   110 |   132 |     7 ||   249
 Fire: Hunting sling     |       |     7 |       ||     7
Throw: Stone             |    41 |    36 |     1 ||    78
 Cast: Sandblast         |       |     2 |       ||     2
Evoke: Wand              |       |     2 |       ||     2
  Use: Scroll            |     1 |     3 |       ||     4
       Potion            |     2 |     3 |     4 ||     9
 Stab: Petrifying        |     1 |       |       ||     1
       Sleeping          |     1 |       |       ||     1
       Paralysed         |       |     1 |       ||     1
Armor: Leather armour    |    51 |    75 |    12 ||   138
Dodge: Dodged            |    60 |    83 |    26 ||   169

Table legend: (Time is in decaauts)
 A = Elapsed time spent in this place.
 B = Non-inter-level travel time spent in this place.
 C = Inter-level travel time spent in this place.
 D = Time resting spent in this place.
 E = Time spent auto-exploring this place.
 F = Levels seen in this place.
 G = Mean time per level.
                   A        B        C        D        E       F      G
               +--------+--------+--------+--------+--------+-----+--------+
         Total |   4478 |   4298 |    180 |    349 |   3062 |   5 |  895.6 |
       Dungeon |   4478 |   4298 |    180 |    349 |   3062 |   5 |  895.6 |
               +--------+--------+--------+--------+--------+-----+--------+

Top non-repeatable levels by time:
     D:2: 1144 daAuts
     D:4: 986 daAuts
     D:1: 889 daAuts
     D:3: 842 daAuts
     D:5: 614 daAuts
